Map: Polka LE

Players

ЛЕВ - Winner!

  • Race: Terran Terran
  • League: Master
  • Spawn Location: 5:00

Someone - Winner!

  • Race: Protoss Protoss
  • League: Diamond
  • Spawn Location: 5:00

Massa

  • Race: Terran Terran
  • League: Platinum
  • Spawn Location: 11:00

qqq

  • Race: Zerg Zerg
  • League: Platinum
  • Spawn Location: 11:00

VOD

Have the link to the VOD?

Description

Time

  • Played on: Nov. 21, 2020, 8:12 a.m.
  • Length: 12:38
Show
View Real Time Build Order
Export as new Build Order

ЛЕВ Terran - Winner!

Build Orders: 2 Factory, Reaper Expand, Mech 

Get SALT Encoding   

  12  0:01  SCV  
  13  0:13  SCV  
  14  0:17  Supply Depot  
  14  0:25  SCV  
  15  0:39  SCV, Barracks  
  16  0:46  Refinery  
  16  0:52  SCV  
  18  1:04  SCV  
  18  1:29  Orbital Command  
  18  1:33  Reaper  
  19  1:48  Command Center  
  19  1:57  SCV  
  20  2:08  Supply Depot  
  20  2:10  Factory  
  20  2:11  SCV  
  21  2:23  SCV  
  22  2:30  Barracks Reactor  
  22  2:35  SCV  
  23  2:43  Refinery  
  23  2:47  SCV  
  24  3:00  SCV  
  24  3:01  Orbital Command  
  24  3:02  Factory  
  25  3:12  SCV, Barracks Tech Lab  
  26  3:14  Hellion x2  
  30  3:24  SCV  
  31  3:35  Hellion  
  31  3:36  SCV, Hellion  
  36  3:51  SCV  
  36  3:52  SCV  
  36  3:54  Refinery  
  36  3:55  Infernal Pre-Igniter  
  38  3:56  Siege Tank  
  38  3:57  Hellion  
  43  4:04  SCV x2  
  45  4:10  Supply Depot  
  45  4:16  SCV  
  37  4:28  Siege Tank  
  37  4:29  SCV x2  
  40  4:41  SCV x2  
  40  4:49  Hellion  
  42  4:53  SCV x2  
  42  5:05  SCV x2  
  40  5:10  Hellion x2  
  44  5:17  SCV x2  
  46  5:29  SCV  
  46  5:31  SCV  
  48  5:41  SCV  
  49  5:43  SCV  
  49  5:48  Command Center  
  50  5:54  SCV  
  50  5:55  SCV  
  52  6:02  Supply Depot  
  52  6:04  Supply Depot  
  52  6:06  SCV  
  52  6:07  SCV  
  54  6:23  SCV x2, Hellion  
  58  6:33  Hellion, Siege Tank  
  58  6:34  Supply Depot  
  58  6:35  SCV x2, Supply Depot  
  65  6:40  Armory  
  65  6:45  Refinery, Hellion  
  67  6:47  SCV  
  67  6:49  Command Center  
  67  6:50  SCV  
  69  6:56  Hellion, Supply Depot  
  69  6:57  Supply Depot  
  69  6:59  SCV  
  72  7:02  SCV  
  72  7:05  Siege Tank  
  72  7:06  Engineering Bay  
  76  7:11  SCV  
  76  7:14  Orbital Command  
  78  7:15  SCV  
  78  7:24  SCV, Hellion x2  
  78  7:27  SCV  
  84  7:31  Factory  
  84  7:36  SCV  
  85  7:38  Hellion, Missile Turret  
  85  7:39  SCV, Missile Turret  
  85  7:42  Missile Turret  
  88  7:45  Hellion x2  
  88  7:46  Missile Turret  
  92  7:52  Missile Turret  
  92  7:55  Missile Turret  
  92  7:59  Siege Tank  
  95  8:06  Orbital Command  
  95  8:07  Hellion  
  97  8:25  Orbital Command  
  97  8:27  SCV  
  97  8:28  SCV  
  97  8:30  Hellion x2  
  97  8:31  Siege Tank  
  97  8:32  Factory Tech Lab  
  106  8:39  Factory, Terran Vehicle Weapons Level 1  
  106  8:40  SCV x2  
  108  8:41  Armory  
  108  8:43  Factory  
  108  8:49  SCV  
  108  8:52  Refinery x2, SCV x2, Hellion x2  
  115  9:00  Siege Tank  
  115  9:01  SCV  
  119  9:03  Siege Tank  
  119  9:04  SCV x2  
  124  9:10  Missile Turret  
  124  9:13  Hi-Sec Auto Tracking, Hellion x2  
  128  9:23  Supply Depot x2  
  128  9:25  Supply Depot  
  128  9:26  Supply Depot  
  128  9:28  Factory Tech Lab, Factory Reactor  
  128  9:32  Siege Tank  
  128  9:34  Smart Servos  
  128  9:36  Missile Turret  
  131  9:38  SCV  
  131  9:45  SCV x3, Hellion x2, Siege Tank  
  142  9:50  Terran Vehicle And Ship Armor Level 1  
  142  9:59  Siege Tank  
  145  10:04  Thor  
  145  10:05  Hellion  
  145  10:06  Hellion  
  145  10:07  Hellion x2  
  159  10:10  Neosteel Armor  
  159  10:11  Orbital Command  
  159  10:14  Command Center  
  159  10:17  Siege Tank  
  162  10:27  Hellion  
  164  10:30  Supply Depot x2  
  164  10:34  Supply Depot  
  164  10:42  Hellion x2, Siege Tank  
  171  10:46  Thor  
  171  10:49  SCV x3  
  180  10:51  SCV, Thor  
  180  10:52  Supply Depot  
  187  11:01  SCV x3  
  190  11:11  Hellion x3  
Show
View Real Time Build Order
Export as new Build Order

Someone Protoss - Winner!

Build Orders: Carriers 

Get SALT Encoding   

  12  0:02  Probe  
  13  0:14  Probe  
  13  0:19  Pylon  
  14  0:26  Probe (Chrono Boost)  
  15  0:39  Probe (Chrono Boost)  
  16  0:45  Gateway  
  16  0:47  Probe (Chrono Boost)  
  17  0:53  Probe  
  17  0:54  Assimilator  
  18  0:59  Assimilator  
  18  1:05  Probe  
  19  1:17  Probe (Chrono Boost)  
  20  1:21  Pylon  
  20  1:29  Probe (Chrono Boost)  
  21  1:35  Probe (Chrono Boost), Cybernetics Core  
  22  1:43  Probe  
  23  1:55  Probe  
  24  2:08  Probe  
  25  2:12  Stargate  
  25  2:14  Stalker  
  27  2:25  Nexus  
  27  2:37  Pylon  
  27  2:41  Probe  
  28  2:46  Protoss Air Weapons Level 1  
  28  2:49  Void Ray (Chrono Boost)  
  28  2:53  Probe  
  33  3:05  Probe  
  34  3:07  Adept  
  36  3:16  Pylon  
  36  3:17  Probe  
  37  3:28  Void Ray  
  37  3:29  Probe  
  42  3:40  Probe (Chrono Boost)  
  43  3:44  Probe (Chrono Boost)  
  44  3:52  Probe (Chrono Boost)  
  44  3:55  Pylon  
  46  3:57  Probe (Chrono Boost)  
  46  3:58  Probe (Chrono Boost)  
  47  4:05  Probe  
  47  4:06  Probe  
  49  4:15  Gateway  
  49  4:16  Gateway  
  49  4:17  Probe  
  49  4:18  Probe  
  49  4:19  Pylon  
  51  4:30  Probe  
  51  4:31  Probe  
  53  4:40  Pylon  
  53  4:41  Pylon  
  53  4:42  Probe  
  53  4:43  Probe  
  55  4:49  Gateway  
  55  4:54  Probe  
  55  4:57  Void Ray (Chrono Boost)  
  60  5:12  Probe x2  
  62  5:24  Probe x2  
  62  5:27  Void Ray (Chrono Boost)  
  64  5:33  Stargate, Assimilator  
  64  5:34  Assimilator  
  68  5:36  Probe x2  
  68  5:39  Gateway  
  70  5:48  Probe x2  
  72  6:00  Probe x2  
  72  6:03  Fleet Beacon  
  78  6:12  Probe x2  
  80  6:24  Probe  
  80  6:25  Probe  
  82  6:33  Forge  
  82  6:37  Probe x2  
  80  6:43  Pylon  
  80  6:44  Pylon  
  80  6:45  Pylon  
  80  6:47  Pylon  
  80  6:49  Probe  
  81  6:58  Carrier x2 (Chrono Boost)  
  93  7:20  Pylon  
  93  7:26  Photon Cannon  
  93  7:29  Photon Cannon x2  
  93  7:30  Photon Cannon  
  93  7:31  Photon Cannon  
  93  7:32  Photon Cannon  
  93  7:36  Stargate  
  93  7:39  Stargate  
  93  7:41  Probe x2  
  95  7:52  Carrier x2 (Chrono Boost)  
  95  7:53  Probe  
  95  7:54  Probe  
  109  8:05  Probe, Nexus  
  109  8:07  Probe, Pylon  
  109  8:09  Pylon  
  111  8:13  Pylon  
  111  8:14  Cybernetics Core, Protoss Air Weapons Level 2 (Chrono Boost)  
  111  8:18  Probe  
  111  8:19  Probe  
  113  8:30  Probe  
  113  8:31  Probe  
  115  8:40  Photon Cannon  
  115  8:41  Photon Cannon  
  115  8:43  Photon Cannon  
  115  8:46  Shield Battery  
  122  8:55  Carrier (Chrono Boost)  
  121  8:56  Protoss Air Armor Level 1 (Chrono Boost)  
  121  9:06  Void Ray (Chrono Boost)  
  125  9:11  Assimilator  
  125  9:16  Assimilator  
  125  9:34  Void Ray (Chrono Boost)  
  125  9:35  Nexus  
  125  9:36  Pylon  
  131  9:40  Carrier (Chrono Boost)  
  135  10:10  Void Ray (Chrono Boost)  
  141  10:24  Void Ray (Chrono Boost)  
  151  10:29  Carrier (Chrono Boost)  
  151  10:33  Void Ray (Chrono Boost)  
  151  10:35  Void Ray (Chrono Boost)  
  155  10:46  Photon Cannon x2  
  155  10:48  Photon Cannon, Flux Vanes  
  155  10:51  Pylon  
  155  10:52  Pylon  
  155  10:55  Carrier (Chrono Boost)  
  161  11:05  Carrier  
  161  11:09  Carrier  
  161  11:10  Probe  
  161  11:11  Probe x3  
  177  11:22  Probe  
  177  11:23  Probe x3  
  177  11:25  Assimilator  
  163  11:35  Probe x4  
  173  12:15  Assimilator  
Show
View Real Time Build Order
Export as new Build Order

Massa Terran 

Build Orders: 2 Factory 

Get SALT Encoding   

  12  0:00  SCV  
  13  0:12  SCV  
  14  0:23  Supply Depot  
  14  0:24  SCV  
  15  0:29  Refinery  
  15  0:44  SCV  
  15  0:46  Barracks  
  16  0:56  SCV  
  17  0:58  Refinery  
  17  1:09  SCV  
  18  1:21  SCV  
  19  1:33  SCV  
  19  1:34  Factory  
  19  1:37  Reaper  
  21  1:41  Supply Depot  
  21  1:55  Orbital Command  
  21  2:09  Marine  
  24  2:37  Hellion, Command Center  
  24  2:42  SCV  
  25  2:57  Barracks Reactor  
  25  3:00  Supply Depot  
  25  3:03  Hellion  
  27  3:12  Factory  
  27  3:15  SCV  
  28  3:25  Hellion  
  30  3:44  Marine x2  
  30  3:46  Widow Mine  
  30  3:48  SCV  
  35  3:50  Orbital Command  
  35  4:00  SCV, Factory Tech Lab  
  35  4:02  Marine x2  
  38  4:03  Starport  
  38  4:08  Widow Mine  
  40  4:19  Marine x2  
  42  4:30  Widow Mine  
  36  4:47  Marine x2  
  36  4:52  Widow Mine  
  40  4:56  Siege Tank  
  40  4:58  SCV x2  
  45  5:04  Engineering Bay  
  45  5:05  Marine x2  
  47  5:10  SCV x2  
  51  5:23  Marine  
  52  5:31  SCV x2  
  52  5:35  Marine  
  52  5:40  Marine  
  52  5:41  Supply Depot  
  54  5:43  Supply Depot  
  54  5:44  Command Center  
  54  5:45  Supply Depot  
  54  5:46  Medivac, Missile Turret  
  54  5:47  SCV x2  
  52  5:57  Missile Turret  
  52  5:59  SCV  
  52  6:00  Missile Turret  
  52  6:02  Cyclone  
  56  6:05  Supply Depot  
  56  6:06  Marine x2  
  56  6:07  Supply Depot  
  58  6:13  Barracks  
  58  6:19  SCV x2  
  58  6:22  Refinery  
  58  6:23  Refinery  
  58  6:24  Marine x2  
  62  6:27  Armory, Terran Infantry Weapons Level 1  
  62  6:31  SCV  
  62  6:32  Engineering Bay  
  63  6:34  Siege Tank  
  63  6:36  Starport Reactor  
  63  6:39  SCV  
  67  6:41  Marine  
  67  6:42  Marine  
  69  6:47  SCV  
  69  6:51  SCV  
  71  7:00  SCV  
  72  7:03  SCV  
  70  7:16  Barracks Tech Lab  
  70  7:29  Marine  
  70  7:30  Marine  
  70  7:33  Siege Tank  
  75  7:41  Stimpack  
  75  7:47  Marine x2  
  75  7:49  SCV x2  
  79  8:01  SCV x2  
  79  8:05  Siege Tank  
  86  8:06  Marauder, Marine  
  86  8:10  Terran Vehicle And Ship Armor Level 1  
  86  8:11  Terran Infantry Armor Level 1  
  87  8:13  SCV x2  
  87  8:17  Planetary Fortress, Missile Turret  
  89  8:21  Missile Turret  
  89  8:24  Missile Turret  
  91  8:27  Marauder  
  91  8:34  Command Center  
  91  8:36  Medivac  
  91  8:37  Medivac  
  91  8:38  Command Center  
  91  8:41  Marine x2  
  95  8:45  Thor  
  105  8:48  Marauder  
  105  8:49  SCV x2  
  107  9:01  SCV x2  
  109  9:15  Supply Depot x2  
  109  9:16  Supply Depot  
  109  9:17  Supply Depot  
  109  9:21  Combat Shield  
  109  9:24  Barracks  
  109  9:31  Barracks  
  109  9:36  SCV x3, Barracks, Viking x2  
  109  9:37  Marauder, Factory  
  118  9:44  Thor  
  124  9:48  SCV x3  
  127  9:57  SCV  
  127  9:58  Marauder  
  130  10:00  SCV x3  
  132  10:09  SCV  
  132  10:12  SCV x3  
  132  10:14  Refinery  
  136  10:15  Refinery  
  136  10:21  SCV  
  136  10:25  SCV  
  138  10:44  Barracks Tech Lab  
  138  10:45  Barracks Tech Lab x2  
  138  10:49  Marauder  
  140  10:51  SCV x2  
  140  10:52  SCV x2  
  144  10:57  Planetary Fortress  
  144  11:02  Missile Turret  
  144  11:03  SCV x2  
  146  11:04  Missile Turret  
  146  11:05  Sensor Tower, Missile Turret  
  146  11:09  Factory Tech Lab, Thor  
  146  11:10  Marauder  
  153  11:27  Missile Turret  
  153  11:31  Marauder  
  143  11:37  Marauder, Marine  
  143  11:38  Marauder x2, Marine  
  115  11:51  Thor  
  115  11:52  Thor  
  115  11:53  Marauder  
  118  11:55  Marine  
  118  11:56  Marine  
  118  11:59  Marauder x3  
  112  12:14  Marauder  
Show
View Real Time Build Order
Export as new Build Order

qqq Zerg 

Build Orders: Hatch First 

Get SALT Encoding   

  12  0:00  Drone  
  13  0:09  Drone  
  14  0:19  Overlord  
  14  0:46  Hatchery, Drone  
  14  0:50  Drone  
  14  0:55  Drone  
  16  1:00  Extractor  
  16  1:02  Drone  
  16  1:30  Spawning Pool  
  16  1:32  Drone x3  
  18  1:51  Drone  
  19  1:57  Drone  
  19  1:59  Drone  
  21  2:08  Overlord  
  21  2:11  Drone  
  22  2:17  Queen  
  22  2:18  Metabolic Boost  
  22  2:20  Drone  
  22  2:22  Zergling x2  
  26  2:26  Extractor  
  25  2:31  Queen  
  25  2:34  Zergling x2  
  28  2:37  Drone  
  28  2:39  Zergling x2  
  28  2:42  Zergling x2  
  31  2:47  Zergling x2  
  32  2:57  Zergling x2  
  33  3:04  Zergling x2  
  33  3:05  Zergling x2  
  35  3:15  Zergling x2  
  36  3:23  Overlord x2  
  36  3:24  Overlord  
  36  3:38  Overlord  
  36  3:59  Zergling x6  
  39  4:04  Hatchery, Drone  
  39  4:05  Drone, Zergling x2  
  41  4:13  Lair  
  41  4:21  Drone x3  
  41  4:24  Drone  
  45  4:31  Drone  
  45  4:32  Drone  
  45  4:33  Zergling x2  
  46  4:44  Zergling x10  
  48  4:54  Hatchery  
  46  5:04  Zergling x2  
  46  5:05  Drone x3, Zergling x4  
  46  5:06  Drone x3  
  48  5:15  Spire  
  48  5:16  Drone  
  48  5:17  Extractor, Drone  
  48  5:23  Queen  
  48  5:24  Drone  
  48  5:28  Drone  
  52  5:31  Spore Crawler  
  52  5:33  Spore Crawler  
  50  5:35  Extractor x2  
  50  5:36  Drone  
  50  5:37  Drone  
  50  5:41  Drone  
  50  5:42  Drone  
  52  5:43  Drone  
  52  5:46  Drone x2  
  52  5:48  Drone  
  56  5:59  Drone x5  
  56  6:01  Drone  
  56  6:03  Overlord  
  62  6:09  Drone, Spore Crawler  
  62  6:10  Drone  
  63  6:14  Overlord  
  63  6:21  Drone x3  
  63  6:22  Overlord  
  66  6:29  Mutalisk x2  
  66  6:31  Mutalisk  
  72  6:33  Mutalisk  
  72  6:37  Overlord  
  72  6:39  Drone  
  75  6:41  Mutalisk  
  75  6:43  Mutalisk  
  79  6:47  Zerg Flyer Weapons Level 1  
  79  6:48  Drone  
  79  6:49  Drone  
  79  6:51  Drone  
  82  6:56  Mutalisk x2  
  82  6:58  Mutalisk  
  88  7:08  Mutalisk  
  88  7:15  Drone x3  
  92  7:16  Drone  
  92  7:21  Hatchery  
  93  7:24  Infestation Pit  
  93  7:26  Mutalisk  
  93  7:27  Overlord x2  
  93  7:29  Drone  
  95  7:30  Drone  
  95  7:31  Drone  
  95  7:33  Drone  
  98  7:44  Overlord x2  
  98  7:52  Drone x3  
  98  7:53  Drone, Mutalisk  
  104  8:06  Spine Crawler  
  104  8:07  Extractor x2  
  104  8:10  Spine Crawler  
  104  8:11  Drone x2  
  104  8:12  Mutalisk  
  104  8:15  Spore Crawler  
  104  8:18  Hive  
  103  8:20  Hatchery  
  103  8:21  Extractor  
  103  8:25  Corruptor  
  103  8:27  Drone  
  104  8:34  Corruptor  
  104  8:36  Drone x2  
  108  8:41  Mutalisk  
  108  8:42  Zerg Flyer Armor Level 1  
  108  8:45  Spore Crawler  
  109  8:53  Corruptor x2  
  113  9:05  Mutalisk, Corruptor  
  113  9:07  Drone x5  
  113  9:08  Drone  
  123  9:16  Extractor  
  122  9:28  Corruptor x3  
  122  9:29  Corruptor  
  130  9:32  Drone x5  
  135  9:48  Viper x2  
  141  9:55  Overlord x3  
  141  9:57  Drone  
  142  10:17  Corruptor  
  142  10:18  Mutalisk, Viper x2  
  152  10:37  Spine Crawler, Corruptor x3  
  152  10:39  Spine Crawler  
  152  10:41  Spore Crawler  
  152  10:42  Drone x6  
  161  10:43  Drone x3, Corruptor  
  166  11:01  Extractor  
  166  11:03  Extractor  
  164  11:05  Drone x2  
  164  11:08  Overlord x2  
  164  11:09  Overlord x3  
  107  11:35  Hatchery  
  98  11:40  Mutalisk x5  
  98  11:41  Mutalisk x2  
  98  11:42  Drone x3  
  98  11:43  Drone x2  
  98  11:45  Viper  
  111  11:58  Mutalisk  
  111  11:59  Mutalisk x4  
  106  12:09  Mutalisk x2  
  106  12:10  Mutalisk x3  
  103  12:18  Drone x2  
Tags
 
Add a new tag
Caveats
  • Supply blocks, unpowered buildings, or Contaminate may cause inaccurate times.
  • Supply counts are checked every 10 seconds.